 Dungeon Crawl Stone Soup version 0.31.0-32-g396128a36d (webtiles) character file.

Game seed: 12461832966373004033

718 Peloso the Slasher (level 7, -9/61 HPs)
             Began as a Minotaur Fighter on Mar 9, 2024.
             Mangled by an ogre
             ... wielding a +0 giant spiked club
              (14 damage)
             ... on level 5 of the Dungeon.
             The game lasted 00:04:43 (3500 turns).

Peloso the Slasher (Minotaur Fighter)               Turns: 3500, Time: 00:04:44

Health: -9/61      AC: 13    Str: 20    XL:     7   Next: 42%
Magic:  6/6        EV:  6    Int:  5    God:
Gold:   151        SH:  5    Dex: 12    Spells: 6/6 levels left

rFire   . . .        a - +1 long sword
rCold   . . .        d - +0 buckler
rNeg    + . .        h - +0 plate armour
rPois   .            (helmet restricted)
rElec   .            (no cloak)
rCorr   .            c - +0 pair of gloves
SInv    .            (no boots)
Will    .....        (no amulet) Stlth
                     e - ring of positive energy
HPRegen 0.30/turn    l - +4 ring of slaying
MPRegen 0.10/turn

%: no passive effects
@: no status effects
A: horns 2, retaliatory headbutt
a: no special abilities


You were on level 5 of the Dungeon.
You visited 1 branch of the dungeon, and saw 5 of its levels.

You collected 151 gold pieces.

Inventory:

Hand Weapons
 a - a +1 long sword (weapon)
Armour
 b - a +0 scale mail
 c - a +0 pair of gloves (worn)
 d - a +0 buckler (worn)
 h - a +0 plate armour (worn)
Jewellery
 e - a ring of positive energy (left hand)
 l - a +4 ring of slaying (right hand)
 m - a +6 ring of strength
Scrolls
 f - 2 scrolls of revelation
 g - a scroll of blinking {unknown}
 k - a scroll of enchant weapon
 n - a scroll of acquirement {unknown}
Potions
 i - 2 potions of might
 j - 2 potions of attraction {unknown}


   Skills:
 + Level 5.0 Fighting
 + Level 6.4 Long Blades
 + Level 6.0 Armour
 + Level 2.3 Dodging
 + Level 0.6 Stealth
 + Level 5.3 Shields


You had 6 spell levels left.
You didn't know any spells.
Your spell library contained the following spells:

 Spells                   Type           Power      Damage    Failure   Level
 Apportation              Tloc           0%         N/A       100%        1
 Freeze                   Ice            0%         1d3       100%        1
 Necrotise                Necr           0%         1d4       100%        1
 Sting                    Conj/Alch      0%         1d3       100%        1
 Summon Small Mammal      Summ           0%         N/A       100%        1
 Frozen Ramparts          Ice            0%         1d1       100%        3
 Hailstorm                Conj/Ice       0%         3d5       100%        3
 Summon Ice Beast         Ice/Summ       0%         N/A       100%        3
 Summon Mana Viper        Hex/Summ       0%         N/A       100%        5
 Monstrous Menagerie      Summ           0%         N/A       100%        7


Dungeon Overview and Level Annotations

Branches:
Dungeon (5/15)
 Temple: D:4-7

Altars:
Uskayaw
Vehumet
Wu Jian
Yredelemnul


Innate Abilities, Weirdness & Mutations

You have a pair of horns on your head.
You reflexively headbutt those who attack you in melee.


Message History

Unknown command.
Unknown command.
You now have 151 gold pieces (gained 16).
A scorpion comes into view.
A scorpion is nearby!
A scorpion is nearby!
A scorpion is nearby!
You hit the scorpion.
The scorpion is lightly wounded.
The scorpion stings you but does no damage.
You hit the scorpion but do no damage. Your headbutt misses the scorpion.
The scorpion is lightly wounded.
The scorpion barely misses you. You furiously retaliate!
You headbutt the scorpion!
You kill the scorpion!
Your Fighting skill increases to level 5!
Your Armour skill increases to level 6!
An ogre comes into view. It is wielding a +0 giant spiked club.
The ogre shouts!
An ogre is nearby!
An ogre is nearby!
You hit the ogre but do no damage. The ogre closely misses you.
You slash the ogre!
The ogre is moderately wounded.
You barely miss the ogre. You headbutt the ogre.
The ogre is moderately wounded.
The ogre hits you with a +0 giant spiked club!
You hit the ogre.
The ogre is heavily wounded.
The ogre hits you with a +0 giant spiked club!!
You hit the ogre.
The ogre is heavily wounded.
The ogre hits you with a +0 giant spiked club!
* * * LOW HITPOINT WARNING * * *
You slash the ogre!
The ogre is severely wounded.
You hit the ogre.
The ogre is almost dead.
The ogre hits you with a +0 giant spiked club!
You die...

##.................####
###.########...).##
#...# #.....#
#.#.###########.#
#.#.#........##+##
..#....#####.#...##
#######....##......##
#....#.#.#.......##
#.......###...@O....#
#......## ##........+
#....... #.........#
###.#.## #.#.......##
#.## #.###.....## #. ##
##...## ##+##


You could see an ogre.

Vanquished Creatures
  Prince Ribbit (D:5)
  A centaur (D:5)
  A phantom (D:3)
  A bullfrog (D:4)
  2 scorpions
  A crimson imp (D:4)
  An iguana (D:5)
  4 adders
  A shadow imp (D:4)
  A white imp (D:4)
  2 ufetubi (D:5)
  An adder zombie (D:2)
  An adder skeleton (D:2)
  A dart slug (D:1)
  2 ribbon worms
  6 orcs
  A bat skeleton (D:2)
  2 endoplasms (D:4)
  5 giant cockroaches
  8 goblins
  7 hobgoblins
  6 jackals
  7 kobolds
  3 ball pythons
  2 ball python zombies (D:2)
  6 bats
  A frilled lizard (D:2)
  A quokka zombie (D:2)
  2 rats
78 creatures vanquished.

Notes
Turn   | Place    | Note
-------+----------+-------------------------------------------
     0 | D:1      | Peloso the Minotaur Fighter began the quest for the Orb.
     0 | D:1      | Reached XP level 1. HP: 19/19 MP: 0/0
    89 | D:1      | Reached XP level 2. HP: 21/27 MP: 1/1
   850 | D:2      | Found a faded altar of an unknown god.
   952 | D:2      | Reached XP level 3. HP: 33/33 MP: 2/2
  1111 | D:2      | Found a radiant altar of Vehumet.
  1430 | D:2      | Reached skill level 1 in Dodging
  1743 | D:3      | Noticed a phantom
  1762 | D:3      | Killed a phantom
  1763 | D:3      | Reached XP level 4. HP: 25/40 MP: 3/3
  1763 | D:3      | Reached XP level 5. HP: 28/46 MP: 4/4
  1780 | D:3      | Found a basalt altar of Yredelemnul.
  2489 | D:4      | Reached skill level 5 in Armour
  2500 | D:4      | Reached XP level 6. HP: 45/53 MP: 5/5
  2592 | D:4      | Found an ornate altar of the Wu Jian Council.
  2739 | D:4      | Reached skill level 5 in Shields
  3120 | D:5      | Entered Level 5 of the Dungeon
  3166 | D:5      | Reached skill level 5 in Long Blades
  3351 | D:5      | Noticed a +0 dagger
  3351 | D:5      | Noticed a +0 dagger
  3356 | D:5      | Found a hide-covered altar of Uskayaw.
  3357 | D:5      | Noticed Prince Ribbit
  3364 | D:5      | Killed Prince Ribbit
  3365 | D:5      | Reached XP level 7. HP: 39/60 MP: 6/6
  3489 | D:5      | Reached skill level 5 in Fighting
  3500 | D:5      | Mangled by an ogre

Illustrated notes

Levels and vault maps discovered:
D:1:      psy_arrival_spokes, layout_basic, chequers_jeans
D:2:      cheibrodos_helix_gallery, layout_basic, serial_undead,
          serial_undead_f, serial_undead_c, serial_undead_e, serial_undead_c,
          serial_undead_d, nicolae_ecumenical_oubliette, basic_altar
D:3:      layout_basic, mainiacjoe_overflow_surrounded_room
D:4:      layout_rooms, nzn_wu_jian_council_hall, minmay_fire_ice_demons
D:5:      layout_loops_corners, dancing_weapons_uskayaw,
          nicolae_shop_distant_corner_stores, minmay_misc_feat_square,
          uniq_prince_ribbit1

Skill      XL: |  1  2  3  4  5  6  7 |
---------------+----------------------+-----
Armour         | 4 5 6 |  6.0
Fighting       | 4 5 |  5.0
Shields        | 4 5 |  5.3
Long Blades    | 3 4 6 |  6.4
Dodging        | 1 2 |  2.3
Stealth        | |  0.6

Action                     |  1- 3 |  4- 6 |  7- 9 || total
---------------------------+-------+-------+-------++-------
  Melee: Long sword        |   104 |   116 |    13 ||   233
         Headbutt          |    18 |    19 |     1 ||    38
    Use: Potion            |     2 |       |       ||     2
         Scroll            |     3 |     3 |       ||     6
 Armour: Scale mail        |    87 |    52 |       ||   139
         Plate armour      |       |    36 |    17 ||    53
  Dodge: Dodged            |    58 |    44 |     8 ||   110
  Block: Buckler           |    42 |    33 |     3 ||    78
